cohdb
Replays
Latest Replays
All Replays
Popular Replays
Top Player Replays
Match Explorer
How It Works
Community
CoH3 Stats
Reddit
Sign in to upload your games and track your stats! →
Sign in with Steam
Match 40532753
Unlisted
Match 40532753
Overview
Messages
Build Orders
End
Royal Engineer Section
Construct Section Command Post
Vickers Machine Gun Team
Selects Canadian Shock Battlegroup
Construct Platoon Command Post
Selects Attacking Spirit
Selects Canadian Shock Section
Canadian Shock Section
Construct Field Infirmary
Unlock M3 Stuart Light Tanks
Canadian Shock Section
M3 Stuart Light Tank
Selects Incendiary Munitions
M3 Stuart Light Tank
6-pounder Anti-tank Gun Team
Construct Field Infirmary
Selects Pyrotechnics
Canadian Shock Section
f0832009
Adult Asthma Is A Choice
Crafty776
HaRdy
0
0
Comments
sign in to comment!
No comments posted yet!